 Dungeon Crawl Stone Soup version 0.24-a0-462-ge24419a6ad (webtiles) character file.

Game seed: 10003438778124506046

25 Mrkan the Skirmisher (level 3, -9/33 HPs)
             Began as a Hill Orc Abyssal Knight on July 2, 2019.
             Was a Follower of Lugonu.
             Mangled by a worm (10 damage)
             ... on level 2 of the Dungeon.
             The game lasted 00:01:24 (575 turns).

Mrkan the Skirmisher (Hill Orc Abyssal Knight)       Turns: 575, Time: 00:01:25

Health: -9/33      AC:  3    Str: 15    XL:     3   Next: 6%
Magic:  5/5        EV: 11    Int: 12    God:    Lugonu [*.....]
Gold:   88         SH:  0    Dex: 10    Spells: 2/2 levels left

rFire    . . .     SeeInvis .   a - +1 hand axe
rCold    . . .     Gourm    .   (no shield)
rNeg     . . .     Faith    .   b - +0 leather armour
rPois    .         Spirit   .   (no helmet)
rElec    .         Reflect  .   (no cloak)
rCorr    .         Harm     .   (no gloves)
MR       .....                  (no boots)
Stlth    +.........             (no amulet)
HPRegen  0.11/turn              (no ring)
MPRegen  0.09/turn              (no ring)

@: no status effects
A: no striking features
a: Depart the Abyss, Renounce Religion


You were on level 2 of the Dungeon.
You worshipped Lugonu.
Lugonu was aware of your devotion.
You were not hungry.

You visited 1 branch of the dungeon, and saw 2 of its levels.
You visited the Abyss 1 time.

You collected 88 gold pieces.

Inventory:

Hand Weapons
 a - a +1 hand axe (weapon)
Missiles
 e - 19 sling bullets
 g - 15 bolts
 h - 25 stones (quivered)
Armour
 b - a +0 leather armour (worn)
Scrolls
 f - a scroll of remove curse {unknown}
Potions
 d - a potion of flight {unknown}
 i - a potion of agility {unknown}
 j - 3 potions of mutation {unknown}
Comestibles
 c - 2 rations


   Skills:
 + Level 4.0 Fighting
 * Level 3.8 Axes
 - Level 2.1 Armour
 - Level 0.7 Dodging
 + Level 3.0 Invocations


You had 2 spell levels left.
You didn't know any spells.
Your spell library was empty.

Dungeon Overview and Level Annotations

Branches:
Dungeon (2/15)

Altars:


Message History

The worm is severely wounded.
The worm bites you!
You barely miss the worm.
The worm is severely wounded.
The worm bites you!
You hit the worm but do no damage.
The worm is heavily wounded.
You barely miss the worm.
The worm is heavily wounded.
The worm misses you.
You hit the worm.
The worm is heavily wounded.
The worm bites you!
* * * LOW HITPOINT WARNING * * *
You barely miss the worm.
The worm is heavily wounded.
You hit the worm.
The worm is severely wounded.
The worm bites you!
You die...

## .. ####.
.... ##### #..
#...#
#.w####.#.#
#..@....#.#
#.#######.####
#........)...#
######.###.#
#.# #.#
#.###.#
#.....#
#######


You could see a worm.

Vanquished Creatures
  A gnoll (D:1)
  A giant cockroach (D:1)
  A goblin (D:1)
  A hobgoblin (D:2)
  4 jackals (D:1)
  3 bats (D:1)
  A frilled lizard (D:1)
  2 kobolds (D:1)
  A rat (D:1)
15 creatures vanquished.

Notes
Turn   | Place    | Note
-------+----------+-------------------------------------------
     0 | Abyss:1  | Mrkan the Hill Orc Abyssal Knight began the quest for the
                  | Orb.
     0 | Abyss:1  | Reached XP level 1. HP: 19/19 MP: 2/2
    26 | Abyss:1  | Noticed an insubstantial wisp
    45 | Abyss:1  | Noticed a thrashing horror
    48 | Abyss:1  | Noticed an orange demon
    49 | Abyss:1  | Noticed an efreet
    49 | D:1      | Escaped the Abyss
   137 | D:1      | Reached XP level 2. HP: 19/27 MP: 4/4
   186 | D:1      | Reached * piety under Lugonu
   205 | D:1      | Reached skill level 4 in Fighting
   221 | D:1      | Reached XP level 3. HP: 9/33 MP: 5/5
   573 | D:2      | HP: 1/33 [worm (11)]
   575 | D:2      | Mangled by a worm

Levels and vault maps discovered:
D:1:      dpeg_arrival_more_subterranean_lakeside_camping, layout_rooms,
          minmay_misc_feat_cross
D:2:      layout_basic, first_ration, supply_closet_lemuel, uniq_natasha,
          uniq_sigmund

Skill      XL: |  1  2 |
---------------+-------+-----
Axes           | 3 |  3.8
Fighting       | 4 |  4.0
Invocations    | 3 |  3.0
Armour         | |  2.1
Dodging        | |  0.7

Action                   || total
-------------------------++-------
Melee: Hand axe          ||    63
Invok: Depart the Abyss  ||     1
Armor: Leather armour    ||    37
Dodge: Dodged            ||    46

Table legend:
 A = Non-vault XP
 B = Vault XP
 C = Vault XP percentage of total XP
 D = Non-vault monster count
 E = Vault monster count
 F = Vault count percentage of total count
                 A         B        C        D         E       F
            +---------+---------+-------+---------+---------+-------
      Total |      37 |       0 |   0.0 |      15 |       0 |   0.0
            +---------+---------+-------+---------+---------+-------
        D:1 |      35 |       0 |   0.0 |      14 |       0 |   0.0
        D:2 |       2 |       0 |   0.0 |       1 |       0 |   0.0
            +---------+---------+-------+---------+---------+-------
